 Dungeon Crawl Stone Soup version 0.31-a0-1036-g31867e143a (webtiles) character file.

Game seed: 4319245613329300478

5901 ILmort the Arsonist (level 11, -1/84 HPs)
             Began as a Human Fire Elementalist on Nov 19, 2023.
             Slain by a hornet (2 damage)
             ... on level 9 of the Dungeon.
             The game lasted 00:40:04 (11718 turns).

ILmort the Arsonist (Human Fire Elementalist)      Turns: 11718, Time: 00:40:05

Health: -1/84      AC:  6    Str:  7    XL:     11   Next: 8%
Magic:  29/29      EV: 13    Int: 19    God:
Gold:   353        SH:  0    Dex: 16    Spells: 15/22 levels left

rFire   + . .        b - +0 longbow (freeze)
rCold   + . .        (shield currently unavailable)
rNeg    . . .        r - +1 leather armour {rC+}
rPois   .            g - +0 helmet of Sorcery {Str-2 Dex+2 Slay+4 SInv}
rElec   .            H - +0 cloak
rCorr   .            (no gloves)
SInv    +            (no boots)
Will    .....        J - amulet of magic regeneration
Stlth   +            z - ring of magical power
HPRegen 0.34/turn    (no ring)
MPRegen 0.61/turn

%: no passive effects
@: confused, lethally poisoned (-1 -> -18), ambrosia-drunk, slowed, studying
Axes, very slow
A: fire resistance 1, devolution 1
a: no special abilities


You were on level 9 of the Dungeon.
You visited 2 branches of the dungeon, and saw 10 of its levels.
You also visited: Bailey.

You collected 353 gold pieces.

Inventory:

Hand Weapons
 a - a +4 long sword
 b - a +0 longbow of freezing (weapon)
Missiles
 d - 102 stones
 k - 4 poisoned darts
 K - 2 javelins
Armour
 g - the +0 helmet of Sorcery (worn) {Str-2 Dex+2 Slay+4 SInv}
   (You acquired it on level 5 of the Dungeon)

   Str-2:     It affects your strength (-2).
   Dex+2:     It affects your dexterity (+2).
   Slay+4:    It affects your accuracy & damage with ranged weapons and melee
   (+4).
   SInv:      It lets you see invisible.
 r - a +1 leather armour of cold resistance (worn)
 s - a +1 chain mail of poison resistance
 H - a +0 cloak (worn)
Jewellery
 z - a ring of magical power (left hand)
 B - an amulet of the acrobat
 J - an amulet of magic regeneration (around neck)
Wands
 e - a wand of roots (6)
 j - a wand of charming (5)
 G - a wand of mindburst (12)
Scrolls
 h - 2 scrolls of teleportation
 l - 4 scrolls of noise
 m - 2 scrolls of poison
 p - a scroll of immolation
 q - a scroll of vulnerability
 u - a scroll of torment
Potions
 c - a potion of magic
 f - a potion of brilliance {unknown}
 i - a potion of haste {unknown}
 n - a potion of curing {unknown}
 o - a potion of mutation
 t - a potion of enlightenment {unknown}
 C - 2 potions of attraction {unknown}
 I - a potion of resistance {unknown}


   Skills:
 + Level 7.1 Fighting
 + Level 2.9 Ranged Weapons
 + Level 5.1 Dodging
 - Level 3.0 Stealth
 - Level 6.0 Spellcasting
 - Level 8.0 Conjurations
 - Level 8.0 Fire Magic
 + Level 2.8 Evocations


You had 15 spell levels left.
You knew the following spells:

 Your Spells              Type           Power      Damage    Failure   Level
a - Foxfire               Conj/Fire      100%       2x1d9     1%          1
c - Scorch                Fire           72%        2d8       1%          2
f - Flame Wave            Conj/Fire      36%        2d10      6%          4

Your spell library contained the following spells:

 Spells                   Type           Power      Damage    Failure   Level
 Inner Flame              Hex/Fire       20%        N/A       10%         3
 Volatile Blastmotes      Fire/Tloc      40%        2d13      10%         3
 Lesser Beckoning         Tloc           10%        N/A       26%         2
 Wereblood                Tmut           5%         N/A       26%         2
 Gell's Gravitas          Tloc           5%         N/A       45%         3
 Summon Guardian Golem    Hex/Summ       5%         N/A       45%         3
 Teleport Other           Tloc           5%         N/A       45%         3
 Irradiate                Conj/Tmut      10%        3d15      65%         5
 Orb of Destruction       Conj           18%        9d8       99%         7
 Spellforged Servitor     Conj/Summ      10%        N/A       100%        7


Dungeon Overview and Level Annotations

Branches:
Dungeon (9/15)             Temple (1/1) D:6          Bailey (visited)
   Lair: D:8-11         Orc: D:9-12

Altars:
Ashenzari
Cheibriados
Dithmenos
Elyvilon
Fedhas
Gozag
Hepliaklqana
Kikubaaqudgha
Makhleb
Nemelex Xobeh
Okawaru
Qazlal
Ru
Sif Muna
Trog
Uskayaw
Wu Jian
Xom
Yredelemnul
Zin
The Shining One

Portals:
Abyss: D:4

Annotations:
D:4 2 transporters, Jaike's ghost, novice DjCA
D:6 exclusion: downstairs
D:7 2 transporters, tish's ghost, novice OpIE
D:8 3 runed translucent doors


Innate Abilities, Weirdness & Mutations

Your flesh is heat resistant. (rF+)
You have hidden genetic defects.


Message History

Casting: Scorch (safe; 1% risk of failure) Flames lash the hornet.
The hornet is burned terribly!
You feel sick. The hornet completely misses you. The hornet barely misses you.
Casting: Scorch (safe; 1% risk of failure) Flames lash the centaur.
The centaur's fire resistance burns away.
You feel sick. The hornet stings you!
You suddenly lose the ability to move!
The hornet stings you.
You are more poisoned.
You feel as though you will be slow longer.
You feel very sick. The hornet stings you!
You feel as though you will be slow longer.
The hornet stings you but does no damage.
You feel sick. The hornet stings you!
You are more poisoned.
You feel as though you will be slow longer.
You can move again.
It was a potion of mutation.
You feel extremely strange.
You feel a hidden malignance growing inside you.
You feel resistant to heat.
You feel very sick. The hornet closely misses you. The hornet stings you.
* * * LOW HITPOINT WARNING * * *
You feel as though you will be slow longer.
The hornet stings you!
* * * LOW HITPOINT WARNING * * *
You feel as though you will be slow longer.
It was a potion of ambrosia.
You are confused.
You feel invigorated.
* * * LOW HITPOINT WARNING * * *
You feel very sick.
The centaur is no longer more vulnerable to fire.
The hornet stings you!
* * * LOW HITPOINT WARNING * * *
You are more poisoned.
You feel as though you will be slow longer.
The hornet stings you.
You die...

##### .. # ...... ..##
#. ....# #..#
#.####...###
#..##########...........
......< .......c†...#
#.... #y# >#..# #@#
....# ##.# ###.##
######..# #..#
##......##
##.####...#..##
#..##....#.##
##.....###.# # ###..##
#.# # ####..###..#


You could see a hornet (combustible) and a centaur.

Vanquished Creatures
  A two-headed ogre (D:8)
  Pikel (D:8)
  A cyclops (D:7)
  A gargoyle (D:9)
  A troll (D:7)
  Sigmund (D:3)
  2 acid dragons
  A water moccasin (D:7)
  7 orc warriors
  A sky beast (D:7)
  An ice beast (D:4)
  3 ogres
  4 lemures (D:8)
  2 phantoms
  2 centaurs
  3 bullfrogs (D:8)
  3 kobold brigands
  A gnoll sergeant (D:6)
  A scorpion (D:4)
  5 killer bees
  7 howler monkeys
  Crazy Yiuf (D:6)
  6 hounds
  4 jellies
  5 orc priests
  Jessica (D:3)
  Terence (D:3)
  3 iguanas
  2 sleepcaps
  4 orc wizards
  6 adders
  11 gnolls
  2 shadow imps
  2 white imps (D:5)
  3 worms
  2 dart slugs
  20 orcs
  8 endoplasms
  7 giant cockroaches
  21 goblins
  9 hobgoblins
  9 jackals
  5 quokkas
  8 ball pythons
  6 bats
  2 frilled lizards
  23 kobolds
  11 rats
231 creatures vanquished.

Vanquished Creatures (others)
  An orc wizard (D:4)
  282 foxfires
283 creatures vanquished.

Grand Total: 514 creatures vanquished

Notes
Turn   | Place    | Note
-------+----------+-------------------------------------------
     0 | D:1      | ILmort the Human Fire Elementalist began the quest for the
                  | Orb.
     0 | D:1      | Reached XP level 1. HP: 13/13 MP: 3/3
   147 | D:1      | Reached XP level 2. HP: 19/19 MP: 5/5
   647 | D:1      | Reached XP level 3. HP: 24/24 MP: 1/6
  1409 | D:2      | Reached XP level 4. HP: 27/30 MP: 0/7
  1638 | D:2      | Learned a level 2 spell: Scorch
  1681 | D:2      | Noticed an ogre
  1920 | D:3      | Noticed Sigmund
  2387 | D:3      | Noticed Terence
  2391 | D:3      | Killed Terence
  2392 | D:3      | Reached XP level 5. HP: 17/35 MP: 4/9
  2487 | D:3      | You fall into a shaft and drop 2 floors!
  2487 | D:4      | Identified the "Amoiseoc"
  2487 | D:5      | Entered Level 5 of the Dungeon
  2710 | D:5      | Noticed an ogre
  2721 | D:5      | Killed an ogre
  2722 | D:5      | Reached XP level 6. HP: 10/41 MP: 3/11
  3450 | D:5      | Reached XP level 7. HP: 46/46 MP: 12/12
  3460 | D:5      | Identified a scroll of acquirement
  3462 | D:5      | Acquired the +0 helmet of Sorcery {Str-2 Dex+2 Slay+4 SInv}
  3893 | D:5      | Found a shadowy altar of Dithmenos.
  3899 | D:5      | Reached skill level 1 in Fighting
  4166 | D:4      | Reached skill level 5 in Fire Magic
  4198 | D:4      | Found a one-way gate to the infinite horrors of the Abyss.
  4198 | D:4      | Noticed Jaike's ghost (novice DjCA)
  4340 | D:4      | Found a transporter.
  4469 | D:4      | Reached XP level 8. HP: 56/56 MP: 11/14
  4854 | D:4      | Found a shimmering blue altar of Sif Muna.
  5058 | D:4      | Found a transporter.
  5603 | D:3      | Found a stormy altar of Qazlal.
  5865 | D:3      | Noticed Jessica
  5875 | D:3      | Killed Jessica
  6010 | D:3      | Found the +7 staff of the Meek {protect, meekguard}
  6264 | D:3      | Killed Sigmund
  6642 | D:6      | Found a white marble altar of Elyvilon.
  6648 | D:6      | Reached skill level 5 in Conjurations
  6902 | D:6      | Reached skill level 5 in Spellcasting
  6902 | D:6      | Reached XP level 9. HP: 49/64 MP: 15/16
  7184 | D:6      | Found a hazy altar of Hepliaklqana.
  7294 | D:6      | Found a runed translucent door.
  7294 | D:6      | Noticed Crazy Yiuf
  7302 | D:6      | Killed Crazy Yiuf
  7497 | D:6      | Found a staircase to the Ecumenical Temple.
  7502 | Temple   | Entered the Ecumenical Temple
  7631 | Bailey   | Identified the "Tianaw"
  7631 | D:7      | Found a flagged portal.
  8183 | D:7      | Found a transporter.
  8206 | Bailey   | Entered a bailey
  8426 | Bailey   | Reached skill level 5 in Fighting
  8576 | Bailey   | Reached XP level 10. HP: 74/74 MP: 19/19
  8588 | Bailey   | Noticed an orc warlord
  8740 | D:7      | Acquired an amulet of magic regeneration
  8792 | D:7      | Found a blossoming altar of Fedhas.
  8817 | D:7      | Identified the +5 scale mail of Hangman {*Corrode rElec rC+
                  | Str+6}
  8889 | D:7      | Found a transporter.
  9126 | D:7      | Found an opulent altar of Gozag.
  9191 | D:7      | Noticed tish's ghost (novice OpIE)
  9295 | D:7      | Noticed a cyclops
  9302 | D:7      | Killed a cyclops
  9842 | D:7      | Learned a level 4 spell: Flame Wave
 10064 | D:8      | Found a glowing golden altar of the Shining One.
 10127 | D:8      | Found a runed translucent gate.
 10128 | D:8      | Noticed a red ugly thing
 10130 | D:8      | Found a runed translucent gate.
 10130 | D:8      | Found a runed translucent gate.
 10130 | D:8      | Noticed a white ugly thing
 10138 | D:8      | Noticed a glowing orange brain
 10138 | D:8      | Noticed a brown ugly thing
 10414 | D:8      | Noticed Pikel
 10422 | D:8      | Killed Pikel
 10423 | D:8      | Reached skill level 1 in Ranged Weapons
 10423 | D:8      | Reached skill level 1 in Evocations
 10496 | D:8      | Found a burning altar of Makhleb.
 10528 | D:8      | Noticed a two-headed ogre
 10537 | D:8      | Killed a two-headed ogre
 11461 | D:9      | Found an ornate altar of the Wu Jian Council.
 11486 | D:9      | Reached XP level 11. HP: 67/83 MP: 20/20
 11509 | D:9      | HP: 4/83 [gargoyle/+0 mace (18)]
 11517 | D:9      | Reached skill level 5 in Dodging
 11657 | D:9      | Found an ancient bone altar of Kikubaaqudgha.
 11714 | D:9      | Paralysed by a hornet for 3 turns
 11717 | D:9      | Gained mutation: You have hidden genetic defects. [potion
                  | of mutation]
 11717 | D:9      | Gained mutation: Your flesh is heat resistant. (rF+)
                  | [potion of mutation]
 11718 | D:9      | HP: 1/84 [hornet (8)]
 11718 | D:9      | Slain by a hornet

Illustrated notes

Levels and vault maps discovered:
D:1:      dpeg_arrival_ratfight, layout_basic
D:2:      layout_basic
D:3:      minmay_chambers_of_threes, layout_basic, marbit_many_paths,
          pf_guarded_unrand_meek, uniq_terence, uniq_jessica, uniq_sigmund
D:4:      layout_basic, led_sif_book, gammafunk_ghost_abyssal_escape
D:5:      layout_basic, grunt_dithmenos_shadows, fountainhead,
          hangedman_abyss_or_decor_stagger
D:6:      layout_rooms, elyvilon_altar_1, mainiacjoe_overflow_boulevard,
          temple_doors_ab, uniq_crazy_yiuf_cottage
D:7:      layout_cave_pools, lemuel_doored_altar, mainiacjoe_overflow_alcove_2,
          enter_bailey_5, nzn_ghost_randoct, minmay_manual_mullet
D:8:      layout_loops_cross, kennysheep_mini, mainiacjoe_overflow_24_doors,
          ploomutoo_gammafunk_ghost_potion_laboratory, uniq_pikel
D:9:      layout_rooms, kiku_gazebo_pond_becter, nicolae_wu_jian_glorious_leap,
          mainiacjoe_overflow_surrounded_room, david_lair_generic,
          hangedman_decor_lopped, minivault_10
Temple:   nicolae_temple_two_arcs

Skill      XL: |  1  2  3  4  5  6  7  8  9 10 11 |
---------------+----------------------------------+-----
Conjurations   | 2 3 4 5 6 7 8 |  8.0
Stealth        | 3 |  3.0
Spellcasting   | 3 4 5 6 |  6.0
Fire Magic     | 4 5 7 8 |  8.0
Fighting       | 2 3 5 6 7 |  7.1
Dodging        | 3 4 5 |  5.1
Ranged Weapons | 2 |  2.9
Evocations     | 2 |  2.8

Action                     |  1- 3 |  4- 6 |  7- 9 | 10-12 || total
---------------------------+-------+-------+-------+-------++-------
  Melee: Dagger            |    23 |     2 |       |       ||    25
   Fire: Longbow           |       |    29 |   142 |    65 ||   236
   Cast: Foxfire           |    78 |    40 |    45 |    18 ||   181
         Scorch            |       |    21 |    86 |    60 ||   167
         Flame Wave        |       |       |       |     4 ||     4
    Use: Scroll            |       |       |    10 |    13 ||    23
         Potion            |       |       |       |     8 ||     8
   Stab: Sleeping          |     2 |       |       |       ||     2
 Armour: Robe              |    18 |    15 |       |       ||    33
         Leather armour    |       |     8 |    74 |    70 ||   152
  Dodge: Dodged            |     9 |    10 |    78 |    49 ||   146

Table legend: (Time is in decaauts)
 A = Elapsed time spent in this place.
 B = Non-inter-level travel time spent in this place.
 C = Inter-level travel time spent in this place.
 D = Time resting spent in this place.
 E = Time spent auto-exploring this place.
 F = Levels seen in this place.
 G = Mean time per level.
                   A        B        C        D        E       F      G
               +--------+--------+--------+--------+--------+-----+--------+
         Total |  11946 |  11455 |    491 |   3244 |   5847 |  11 | 1086.0 |
       Dungeon |  11506 |  11015 |    491 |   3042 |   5847 |   9 | 1278.4 |
        Temple |      1 |      1 |      0 |      0 |      0 |   1 |    1.0 |
        Bailey |    438 |    438 |      0 |    202 |      0 |   1 |  438.0 |
               +--------+--------+--------+--------+--------+-----+--------+

Top non-repeatable levels by time:
     D:5: 1762 daAuts
     D:3: 1581 daAuts
     D:8: 1576 daAuts
     D:7: 1525 daAuts
     D:6: 1340 daAuts
     D:4: 1240 daAuts
     D:2: 1131 daAuts
     D:1: 1054 daAuts
  Bailey: 438 daAuts
     D:9: 293 daAuts
  Temple: 1 daAuts
